 Dungeon Crawl Stone Soup version 0.30-a0-591-g3c58d2bc28 (webtiles) character file.

Game seed: 8765448623002931309

128 Dartaoz the Trooper (level 4, -3/36 HPs)
             Began as a Demonspawn Fighter on Jan 5, 2023.
             Slain by Crazy Yiuf
             ... wielding a +2 quarterstaff of chaos
              (11 damage)
             ... on level 2 of the Dungeon.
             The game lasted 00:06:24 (2358 turns).

Dartaoz the Trooper (Demonspawn Fighter)            Turns: 2358, Time: 00:06:24

Health: -3/36      AC:  6    Str: 16    XL:     4   Next: 86%
Magic:  0/4        EV:  9    Int:  9    God:
Gold:   107        SH:  5    Dex: 15    Spells: 3/3 levels left

rFire   . . .      SeeInvis .    a - +0 long sword
rCold   + . .      Faith    .    c - +0 buckler
rNeg    . . .      Spirit   .    b - +0 scale mail
rPois   .          Reflect  .    (no helmet)
rElec   .          Harm     .    (no cloak)
rCorr   +          Rampage  .    (no gloves)
Will    .....                    (no boots) Stlth
                                 (no amulet)
HPRegen 0.26/turn                h - ring of resist corrosion
MPRegen 0.09/turn                k - ring of protection from cold

@: no status effects
A: demonic guardian 1, spiny 2
a: no special abilities


You were on level 2 of the Dungeon.
You visited 1 branch of the dungeon, and saw 2 of its levels.

You collected 107 gold pieces.

Inventory:

Hand Weapons
 a - a +0 long sword (weapon)
Armour
 b - a +0 scale mail (worn)
 c - a +0 buckler (worn)
 l - a +0 tower shield
Jewellery
 h - a ring of resist corrosion (left hand)
 k - a ring of protection from cold (right hand)
Scrolls
 j - 2 scrolls of identify {unknown}
 m - a scroll of vulnerability {unknown}
 o - a scroll of brand weapon {unknown}
 p - a scroll of fear {unknown}
Potions
 d - a potion of might
 e - 3 potions of curing {unknown}
 f - 2 potions of flight {unknown}
 g - a potion of mutation {unknown}
 i - a potion of degeneration {unknown}
 n - a potion of resistance {unknown}
 q - a potion of haste {unknown}


   Skills:
 + Level 3.6 Fighting
 + Level 2.5 Long Blades
 + Level 3.3 Armour
 + Level 1.5 Dodging
 + Level 3.3 Shields


You had 3 spell levels left.
You didn't know any spells.
Your spell library was empty.

Dungeon Overview and Level Annotations

Branches:
Dungeon (2/15)

Altars:
Uskayaw

Shops:
D:2 (

Annotations:
D:2 Crazy Yiuf


Innate Abilities, Weirdness & Mutations

A weak demonic guardian rushes to your aid.
You are mostly covered in sharp spines.


Message History

A hobgoblin is nearby!
You hit the hobgoblin but do no damage. The hobgoblin hits you.
You hit the hobgoblin but do no damage. The hobgoblin hits you.
You barely miss the hobgoblin. The hobgoblin hits you.
The hobgoblin barely misses you.
You barely miss the hobgoblin. The hobgoblin barely misses you.
You hit the hobgoblin.
The hobgoblin is severely wounded.
The hobgoblin hits you but does no damage.
You slash the hobgoblin!
You kill the hobgoblin!
Found a robe.
You see here a +0 mace.
There is a stone staircase leading up here.
You see here a +0 club.
You see here a +0 hammer.
You see here a +0 hammer.
Crazy Yiuf shouts!
You see here a +0 hammer.
You open the door.
Crazy Yiuf yells, "Shadow!
Lay ragdoll seventy."
You hit Crazy Yiuf but do no damage.
Crazy Yiuf hits you with a +2 quarterstaff of chaos.
You convulse.
Crazy Yiuf yells, "Key bag verde!"
Crazy Yiuf is struck by your spines.
Crazy Yiuf hits you with a +2 quarterstaff of chaos!
Crazy Yiuf freezes you.
You hit Crazy Yiuf.
Crazy Yiuf is moderately wounded.
Crazy Yiuf is struck by your spines.
Crazy Yiuf hits you with a +2 quarterstaff of chaos!
* * * LOW HITPOINT WARNING * * *
A demonic guardian appears!
You feel your power leaking away.
You are too injured to fight recklessly!
You barely miss Crazy Yiuf.
Crazy Yiuf is heavily wounded.
Crazy Yiuf hits you with a +2 quarterstaff of chaos!
You die...

###.########.###.#.##..........#
#.# #####.#.#...............##
#.# #.......#.#.##............
#.# #################......#..
#.# #......... #.# #......#.#
#.######## ### #......#.#
#...#....## ###5))# #.#...#...
#.#..)....####@g.).# #.#.#.####
#.###...).)#..##...# #.#.......
#.# ##...)#.### ### #.#.......
#.# ######## ###....... #.#####
#.#.####
#.....##################.#.#
#######...#................#
#....#.....##)........# ##
#....#.....##.........# #.


You could see Crazy Yiuf (ally target) and a friendly white imp (summoned).

Vanquished Creatures
  Jessica (D:2)
  2 gnolls (D:2)
  3 adders (D:2)
  2 dart slugs (D:1)
  3 endoplasms
  4 goblins
  2 hobgoblins (D:2)
  4 jackals
  3 quokkas
  3 ball pythons (D:2)
  5 bats
  4 frilled lizards
  4 kobolds
  3 rats
43 creatures vanquished.

Vanquished Creatures (collateral kills)
  A gnoll (D:2)
1 creature vanquished.

Grand Total: 44 creatures vanquished

Notes
Turn   | Place    | Note
-------+----------+-------------------------------------------
     0 | D:1      | Dartaoz the Demonspawn Fighter began the quest for the Orb.
     0 | D:1      | Reached XP level 1. HP: 18/18 MP: 1/1
   173 | D:1      | Gained mutation: You are partially covered in sharp spines.
                  | [demonic ancestry]
   173 | D:1      | Reached XP level 2. HP: 23/24 MP: 2/2
  1173 | D:2      | Noticed Jessica
  1176 | D:2      | Killed Jessica
  1177 | D:2      | Reached skill level 1 in Dodging
  1177 | D:2      | Gained mutation: You are mostly covered in sharp spines.
                  | [demonic ancestry]
  1177 | D:2      | Reached XP level 3. HP: 29/29 MP: 3/3
  1282 | D:2      | Gained mutation: A weak demonic guardian rushes to your
                  | aid. [demonic ancestry]
  1282 | D:2      | Reached XP level 4. HP: 35/35 MP: 4/4
  1492 | D:2      | Found Wyiha's Weapon Emporium.
  1664 | D:2      | Found a hide-covered altar of Uskayaw.
  1979 | D:2      | Found a runed translucent door.
  1980 | D:2      | Noticed Crazy Yiuf
  2358 | D:2      | Slain by Crazy Yiuf

Illustrated notes

Levels and vault maps discovered:
D:1:      psy_arrival_radial01, layout_basic
D:2:      layout_basic, basic_altar, serial_shops, shop,
          minmay_indecisive_spiral, uniq_jessica, uniq_crazy_yiuf_cottage

Skill      XL: |  1  2 |
---------------+-------+-----
Long Blades    | 2 |  2.5
Armour         | 3 |  3.3
Dodging        | 1 |  1.5
Shields        | 3 |  3.3
Fighting       | |  3.6

Action                   |  1- 3 |  4- 6 || total
-------------------------+-------+-------++-------
Melee: Long sword        |    63 |    36 ||    99
Armor: Scale mail        |    18 |    10 ||    28
Dodge: Dodged            |    22 |    10 ||    32
Block: Buckler           |    15 |     5 ||    20

Table legend: (Time is in decaauts)
 A = Elapsed time spent in this place.
 B = Non-inter-level travel time spent in this place.
 C = Inter-level travel time spent in this place.
 D = Time resting spent in this place.
 E = Time spent auto-exploring this place.
 F = Levels seen in this place.
 G = Mean time per level.
                   A        B        C        D        E       F      G
               +--------+--------+--------+--------+--------+-----+--------+
         Total |   2388 |   2322 |     66 |      0 |   2046 |   2 | 1194.0 |
       Dungeon |   2388 |   2322 |     66 |      0 |   2046 |   2 | 1194.0 |
               +--------+--------+--------+--------+--------+-----+--------+

Top non-repeatable levels by time:
     D:2: 1252 daAuts
     D:1: 1136 daAuts
